 Dungeon Crawl Stone Soup version 0.19-a0-611-gb5a7e8d (webtiles) character file.

127 shmeve the Skirmisher (level 4, -2/41 HPs)
             Began as a Minotaur Fighter on June 13, 2016.
             Slain by an orc priest
             ... wielding a +0 hand axe
              (6 damage)
             ... on level 3 of the Dungeon.
             The game lasted 00:03:27 (1790 turns).

shmeve the Skirmisher (Minotaur Fighter)            Turns: 1790, Time: 00:03:27

Health: -2/41      AC:  7    Str: 20    XL:     4   Next: 85%
Magic:  3/3        EV:  8    Int:  5    God:
Gold:   230        SH:  0    Dex: 11    Spells: 0 memorised, 3 levels left

rFire  . . .     SeeInvis .     a - +0 war axe
rCold  . . .     Gourm    .     b - +0 scale mail
rNeg   . . .     Faith    .     c - +0 shield
rPois  .         Spirit   .     (helmet restricted)
rElec  .         Dismiss  .     (no cloak)
rCorr  .         Reflect  .     (no gloves)
SustAt .         Harm     .     (no boots)
MR     .....                    (no amulet)
Stlth  ..........               (no ring)
                                (no ring)

@: confused, not resistant to hostile enchantments, extremely unstealthy
A: retaliatory headbutt, horns 2
a: no special abilities


You were on level 3 of the Dungeon.
You were not hungry.

You visited 1 branch of the dungeon, and saw 3 of its levels.

You collected 230 gold pieces.

Inventory:

Hand Weapons
 a - a +0 war axe (weapon)
 e - a +0 hunting sling
Armour
 b - a +0 scale mail (worn)
 c - a +0 shield (worn)
Wands
 q - a wand of lightning (6/15)
 v - a wand of paralysis (11/24)
Scrolls
 i - a scroll of enchant armour {unknown}
 j - 5 scrolls of remove curse {unknown}
 n - 2 scrolls of fear {unknown}
 o - a scroll of magic mapping {unknown}
 p - a scroll of teleportation {unknown}
 r - a scroll of identify {unknown}
 s - a scroll of random uselessness {unknown}
 t - 2 scrolls of fog {unknown}
Potions
 d - a potion of might
 k - 5 potions of curing {unknown}
Comestibles
 f - 3 bread rations
 g - a meat ration
 h - 2 royal jellies
 l - a slice of pizza
 m - 2 beef jerkies
 u - a chunk of flesh


   Skills:
 * Level 4.7 Fighting
 * Level 3.0 Axes
 + Level 1.2 Slings
 + Level 4.1 Armour
 * Level 1.6 Dodging
 * Level 4.6 Shields


You had 3 spell levels left.
You didn't know any spells.

Dungeon Overview and Level Annotations

Branches:
Dungeon (3/15)

Altars:
Nemelex Xobeh


Innate Abilities, Weirdness & Mutations

You reflexively headbutt those who attack you in melee.
You have a pair of horns on your head.


Message History

You miss the orc priest. You headbutt the orc priest!
The orc priest is severely wounded.
You hit the rat.
You kill the rat!
You hit the orc wizard.
The orc wizard is heavily wounded.
The orc wizard gestures at you while chanting.
You are more confused.
The orc priest looks braver for a moment.
Unknown command.
The orc wizard hits you with a dagger.
* * * LOW HITPOINT WARNING * * *
The kobold hits you but does no damage.
Things that are here:
a dagger; a leather armour; an orc corpse Unknown command.
You bump into the rock wall.
The orc wizard hits you but does no damage.
The orc priest hits you with a hand axe.
You die...

..............# #.##
........####### .....
......#..## ......
......##..#####......
....## ##............
...# ###..(.......
... #.......... .#
###..........
.######@o....(.....
......Ko#..........
...###)†..........$
....#....######
......#....#
..#.....###### .
#....?# #.....#
......#


You could see an orc priest, an orc wizard and a kobold.

Vanquished Creatures
  An orc priest (D:3)
  4 adders
  An ooze (D:2)
  2 dart slugs (D:1)
  A giant gecko (D:3)
  5 orcs (D:3)
  14 bats
  4 goblins
  4 hobgoblins
  5 kobolds
  A quokka (D:3)
  2 giant newts (D:2)
  4 rats
48 creatures vanquished.

Notes
Turn   | Place    | Note
--------------------------------------------------------------
     0 | D:1      | shmeve the Minotaur Fighter began the quest for the Orb.
     0 | D:1      | Reached XP level 1. HP: 19/19 MP: 0/0
   102 | D:1      | Reached XP level 2. HP: 27/27 MP: 1/1
   741 | D:2      | Found a sparkling altar of Nemelex Xobeh.
   920 | D:2      | Reached XP level 3. HP: 33/33 MP: 2/2
  1157 | D:2      | Reached skill level 1 in Slings
  1157 | D:2      | Reached skill level 1 in Dodging
  1577 | D:3      | Reached XP level 4. HP: 41/41 MP: 3/3
  1790 | D:3      | Slain by an orc priest

Vault maps used:
D:1:      arrival_zaba_pyramid, bh_walls_and_bars
D:2:      kennysheep_big_flooded_room, overflow_temple_1_default
D:3:      uniq_grinder

Skill      XL: |  1  2  3  4 |
---------------+-------------+-----
Shields        | 4 |  4.6
Fighting       | 4 |  4.7
Slings         | 1 |  1.2
Dodging        | 1 |  1.6
Armour         | 4 |  4.1
Axes           | 3 |  3.0

Action                   |  1- 3 |  4- 6 || total
-------------------------+-------+-------++-------
Melee: War axe           |    62 |    27 ||    89
       Headbutt          |     4 |     3 ||     7
  Eat: Chunk             |     2 |     1 ||     3
Armor: Scale mail        |    33 |    23 ||    56
Dodge: Dodged            |    35 |    23 ||    58
Block: Shield            |    38 |    27 ||    65
